 Dungeon Crawl Stone Soup version 0.28-a0-479-g5baa6b73be (webtiles) character file.

Game seed: 5569196217292484910

830 Rennog the Magician (level 7, -5/52 HPs)
             Began as a Demonspawn Fire Elementalist on Sept 18, 2021.
             Was a Follower of Cheibriados.
             Slain by a wight (9 damage)
             ... on level 6 of the Dungeon.
             The game lasted 00:09:57 (6702 turns).

Rennog the Magician (Demonspawn Fire Elementalist)  Turns: 6702, Time: 00:09:58

Health: -5/52      AC:  5    Str: 11    XL:     7   Next: 65%
Magic:  6/14       EV: 12    Int: 29    God:    Cheibriados [*.....]
Gold:   170        SH:  0    Dex: 23    Spells: 2/16 levels left

rFire   . . .      SeeInvis .   c - +4 hand axe
rCold   . . .      Faith    .   (no shield)
rNeg    . . .      Spirit   .   a - +0 robe
rPois   .          Reflect  .   (helmet restricted)
rElec   .          Harm     .   (no cloak)
rCorr   .          Rampage  .   t - +0 pair of gloves
Will    +....                   (no boots)
Stlth   ++........              (no amulet)
HPRegen 0.17/turn               l - +6 ring of dexterity
MPRegen 0.14/turn               j - +6 ring of intelligence

@: very slightly contaminated, hasted
A: horns 1, yellow scales 1, powered by pain 1, clever 1, strong-willed 1, sense
surroundings 1
a: Renounce Religion, Bend Time


You were on level 6 of the Dungeon.
You worshipped Cheibriados.
Cheibriados was aware of your devotion.
You visited 1 branch of the dungeon, and saw 6 of its levels.

You collected 170 gold pieces.

Inventory:

Hand Weapons
 c - a +4 hand axe (weapon)
Missiles
 r - a throwing net
Armour
 a - a +0 robe (worn)
 t - a +0 pair of gloves (worn)
Jewellery
 g - a ring of magical power
 j - a +6 ring of intelligence (right hand)
 l - a +6 ring of dexterity (left hand)
Wands
 m - a wand of flame (13)
 p - a wand of iceblast (5)
 s - a wand of digging (6)
Scrolls
 n - a scroll of vulnerability {unknown}
 q - 2 scrolls of magic mapping
Potions
 d - a potion of resistance {unknown}
 f - a potion of attraction {unknown}
 h - a potion of degeneration {unknown}
 i - a potion of mutation
 k - a potion of haste
 o - a potion of invisibility {unknown}


   Skills:
 + Level 3.5 Fighting
 - Level 1.7 Dodging
 - Level 1.7 Stealth
 * Level 5.3 Spellcasting
 + Level 3.8 Conjurations
 + Level 4.4 Fire Magic


You had 2 spell levels left.
You knew the following spells:

 Your Spells              Type           Power      Damage    Failure   Level
a - Foxfire               Conj/Fire      100%       2x1d9     1%          1
b - Scorch                Fire           66%        2d8       1%          2
c - Flame Wave            Conj/Fire      31%        3d7       11%         4
d - Blink                 Tloc           N/A        N/A       10%         2
e - Passwall              Tmut/Erth      5%         N/A       10%         2
f - Teleport Other        Tloc           7%         N/A       19%         3

Your spell library contained the following spells:

 Spells                   Type           Power      Damage    Failure   Level
 Sandblast                Erth           14%        2d6       6%          1
 Sublimation of Blood     Necr           3%         N/A       10%         2
 Conjure Flame            Conj/Fire      31%        6-21      3%          3
 Inner Flame              Hex/Fire       20%        N/A       8%          3
 Stone Arrow              Conj/Erth      36%        3d9       9%          3
 Frozen Ramparts          Ice            14%        1d3       19%         3
 Gell's Gravitas          Tloc           3%         N/A       19%         3
 Lesser Beckoning         Tloc           7%         N/A       19%         3
 Ice Form                 Ice/Tmut       7%         N/A       52%         4
 Petrify                  Tmut/Erth      7%         N/A       52%         4
 Summon Ice Beast         Ice/Summ       7%         N/A       52%         4
 Irradiate                Conj/Tmut      9%         3d16      58%         5
 Manifold Assault         Tloc           7%         N/A       86%         5
 Dispersal                Tloc           3%         N/A       100%        6


Dungeon Overview and Level Annotations

Branches:
Dungeon (6/15)
 Temple: D:4-7

Altars:
Cheibriados
Dithmenos
Zin

Annotations:
D:2 1 runed translucent door, Crazy Yiuf, Natasha
D:4 Dowan, Duvessa
D:6 Grinder, Menkaure, Prince Ribbit


Innate Abilities, Weirdness & Mutations

You have a pair of small horns on your head.
You are partially covered in yellow scales. (AC +2)
You sometimes gain a little power by taking damage.
Your mind is acute. (Int +2)
You are strong-willed. (Will+)
You passively map a small area around you.


Message History

As you read the scroll of blinking, it crumbles to dust.
Prince Ribbit blinks!
Your surroundings suddenly seem different. 2 wights come into view.
Found an amethyst potion.
The wight moves out of view.
Okay, then.
Casting: Blink (safe; 11% risk of failure)
Confirm with . or Enter, or press ? or * to list all spells.
Aiming: Teleport Other (dangerous; 22% risk of failure)
Press: ? - help, Shift-Dir - straight line, f - gnoll
Aim: a gnoll, wielding a +0 halberd (chance to affect: 50%)
You miscast Teleport Other.
You are very lightly contaminated with residual magic.
You are caught in a field of spatial distortion.
You are magically locked in place.
Casting: Teleport Other (dangerous; 22% risk of failure)
Confirm with . or Enter, or press ? or * to list all spells.
Aiming: Teleport Other (dangerous; 22% risk of failure)
Press: ? - help, Shift-Dir - straight line, f/p - gnoll
Aim: a gnoll, wielding a +0 halberd (chance to affect: 50%)
The gnoll resists with some effort.
Casting: Teleport Other (dangerous; 22% risk of failure)
Confirm with . or Enter, or press ? or * to list all spells.
Aiming: Teleport Other (dangerous; 22% risk of failure)
Press: ? - help, Shift-Dir - straight line, f/p - gnoll
Aim: a gnoll, wielding a +0 halberd (chance to affect: 50%)
The gnoll looks slightly unstable.
It was a potion of mutation.
You feel extremely strange.
You feel clever.
You feel a strange attunement to the structure of the dungeons.
You feel strong-willed.
You are no longer locked in place.
A wight comes into view. It is wielding a +0 war axe.
The gnoll closely misses you.
Okay, then.
It was a potion of haste.
You feel yourself speed up.
Cheibriados forgives your accidental hurry, just this once.
The gnoll disappears!
The wight hits you from afar with a +0 spear!
You die...

....# , ...># * * .#..#*
, .* ## .# *, ,.. ** # #
,..# # ##. * z... # ,
#... ..... #* *,
##....###......, . , *
.....ยง.@.z....., ..####
............... ...#..
,, , ......!........
(..... , ,
............... ......#
, ,
........................
...........!............
#####...................
###......z..... #.
#..........# * ##


You could see 3 wights.

Vanquished Creatures
  A water moccasin (D:5)
  An ogre (D:3)
  2 scorpions
  A water moccasin zombie (D:6)
  A bullfrog zombie (D:5)
  2 orc priests
  4 hounds
  An iguana (D:5)
  Natasha (D:2)
  2 orc wizards
  4 gnolls
  2 adders (D:2)
  A white imp (D:6)
  2 ufetubi
  A dart slug (D:2)
  12 orcs
  6 ball pythons
  6 endoplasms
  A giant cockroach (D:1)
  9 goblins
  5 hobgoblins
  4 jackals (D:1)
  6 quokkas
  4 bats
  A frilled lizard (D:2)
  6 kobolds
  3 rats
89 creatures vanquished.

Vanquished Creatures (others)
  255 foxfires
255 creatures vanquished.

Grand Total: 344 creatures vanquished

Notes
Turn   | Place    | Note
-------+----------+-------------------------------------------
     0 | D:1      | Rennog the Demonspawn Fire Elementalist began the quest for
                  | the Orb.
     0 | D:1      | Reached XP level 1. HP: 13/13 MP: 3/3
   393 | D:1      | Gained mutation: You have a pair of small horns on your
                  | head. [demonic ancestry]
   393 | D:1      | Reached XP level 2. HP: 20/20 MP: 1/5
   821 | D:1      | Found a faded altar of an unknown god.
  1065 | D:1      | Reached skill level 1 in Fighting
  1271 | D:2      | Reached XP level 3. HP: 19/26 MP: 6/6
  1642 | D:2      | Noticed Natasha
  1648 | D:2      | Killed Natasha
  1813 | D:2      | Reached skill level 3 in Spellcasting
  1813 | D:2      | Gained mutation: You are partially covered in yellow
                  | scales. (AC +2) [demonic ancestry]
  1813 | D:2      | Reached XP level 4. HP: 32/32 MP: 3/8
  1816 | D:2      | Learned a level 2 spell: Scorch
  2030 | D:2      | Found a runed translucent door.
  2030 | D:2      | Noticed Natasha
  2031 | D:2      | Noticed Crazy Yiuf
  2927 | D:3      | Noticed an ogre
  2946 | D:3      | Killed an ogre
  2947 | D:3      | Gained mutation: You sometimes gain a little power by
                  | taking damage. [demonic ancestry]
  2947 | D:3      | Reached XP level 5. HP: 38/38 MP: 1/10
  3019 | D:3      | Found a shadowy altar of Dithmenos.
  3020 | D:3      | Found a snail-covered altar of Cheibriados.
  3028 | D:3      | Became a worshipper of Cheibriados the Contemplative
  3457 | D:3      | You fall into a shaft and drop 1 floor!
  4080 | D:4      | Noticed Dowan
  4485 | D:4      | Reached skill level 4 in Spellcasting
  4485 | D:4      | Reached XP level 6. HP: 46/46 MP: 6/12
  4490 | D:4      | Learned a level 4 spell: Flame Wave
  4493 | D:4      | Learned a level 2 spell: Blink
  4550 | D:4      | Learned a level 2 spell: Passwall
  4635 | D:4      | Reached * piety under Cheibriados
  4962 | D:4      | Noticed Duvessa
  5265 | D:5      | Entered Level 5 of the Dungeon
  5568 | D:5      | Noticed a water moccasin
  5573 | D:5      | Killed a water moccasin
  5574 | D:5      | Reached XP level 7. HP: 52/52 MP: 6/14
  5748 | D:5      | Reached skill level 5 in Spellcasting
  6525 | D:5      | Learned a level 3 spell: Teleport Other
  6543 | D:6      | Noticed Menkaure
  6546 | D:6      | Noticed a red ugly thing
  6594 | D:6      | Noticed Grinder
  6596 | D:6      | Noticed Prince Ribbit
  6693 | D:6      | HP: 2/52 [Prince Ribbit (7)]
  6701 | D:6      | Gained mutation: Your mind is acute. (Int +2) [potion of
                  | mutation]
  6701 | D:6      | Gained mutation: You passively map a small area around you.
                  | [potion of mutation]
  6701 | D:6      | Gained mutation: You are strong-willed. (Will+) [potion of
                  | mutation]
  6702 | D:6      | Slain by a wight

Illustrated notes

Levels and vault maps discovered:
D:1:      erik_arrival_orb_chamber, layout_loops_ring,
          hellmonk_ecumenical_altar_prayer_group
D:2:      layout_basic, kennysheep_cross_bottleneck, uniq_crazy_yiuf_cottage,
          uniq_natasha
D:3:      layout_loops_ring, grunt_temple_overflow_open
D:4:      layout_loops_corners, uniq_duvessa
D:5:      layout_basic
D:6:      layout_layer_cave, uniq_prince_ribbit1, uniq_grinder, uniq_menkaure

Skill      XL: |  1  2  3  4  5  6  7 |
---------------+----------------------+-----
Fighting       | 1 2 3 |  3.5
Fire Magic     | 3 4 |  4.4
Spellcasting   | 3 4 5 |  5.3
Conjurations   | 2 3 |  3.8
Dodging        | |  1.7
Stealth        | |  1.7

Action                   |  1- 3 |  4- 6 |  7- 9 || total
-------------------------+-------+-------+-------++-------
Melee: Unarmed           |     3 |       |       ||     3
       Hand axe          |    49 |    21 |       ||    70
       Headbutt          |     3 |     4 |       ||     7
 Cast: Foxfire           |    37 |    87 |    24 ||   148
       Scorch            |       |    27 |    17 ||    44
       Teleport Other    |       |       |     2 ||     2
       Blink             |       |       |     1 ||     1
  Use: Potion            |       |     2 |     2 ||     4
       Scroll            |       |     2 |     4 ||     6
 Stab: Sleeping          |     4 |     1 |       ||     5
Armor: Robe              |    11 |     6 |     4 ||    21
Dodge: Dodged            |    36 |    36 |    18 ||    90

Table legend: (Time is in decaauts)
 A = Elapsed time spent in this place.
 B = Non-inter-level travel time spent in this place.
 C = Inter-level travel time spent in this place.
 D = Time resting spent in this place.
 E = Time spent auto-exploring this place.
 F = Levels seen in this place.
 G = Mean time per level.
                   A        B        C        D        E       F      G
               +--------+--------+--------+--------+--------+-----+--------+
         Total |   7483 |   7057 |    426 |     90 |   6201 |   6 | 1247.2 |
       Dungeon |   7483 |   7057 |    426 |     90 |   6201 |   6 | 1247.2 |
               +--------+--------+--------+--------+--------+-----+--------+

Top non-repeatable levels by time:
     D:4: 1781 daAuts
     D:5: 1698 daAuts
     D:2: 1573 daAuts
     D:1: 1237 daAuts
     D:3: 1130 daAuts
     D:6: 61 daAuts
